 Dungeon Crawl Stone Soup version 0.26.1-11-gd32895ea62 (webtiles) character file.

Game seed: 13896751644103208181

1019 Zeld the Gusty (level 8, -1/58 HPs)
             Began as a Gnoll Air Elementalist on June 14, 2021.
             Slain by a sky beast (5 damage)
             ... on level 6 of the Dungeon.
             The game lasted 00:10:54 (9635 turns).

Zeld the Gusty (Gnoll Air Elementalist)             Turns: 9635, Time: 00:10:55

Health: -1/58      AC:  5    Str: 11    XL:     8   Next: 22%
Magic:  14/16      EV: 13    Int: 19    God:
Gold:   341        SH:  0    Dex: 16    Spells: 3/18 levels left

rFire    . . .     SeeInvis .   a - +2 flail (holy)
rCold    . . .     Faith    .   (no shield)
rNeg     . . .     Spirit   .   B - +0 ring mail {rPois}
rPois    +         Reflect  .   (no helmet)
rElec    .         Harm     .   (no cloak)
rCorr    .         Rampage  .   (no gloves)
Will     .....                  (no boots)
Stlth    ++........             (no amulet)
HPRegen  0.19/turn              (no ring)
MPRegen  0.15/turn              (no ring)

@: swift, quick
A: distributed training, fangs 1, strong nose
a: no special abilities


You were on level 6 of the Dungeon.
You visited 2 branches of the dungeon, and saw 7 of its levels.

You collected 341 gold pieces.

Inventory:

Hand Weapons
 a - a +2 flail of holy wrath (weapon)
Armour
 x - a +0 kite shield
 B - a +0 ring mail of poison resistance (worn)
Jewellery
 j - an uncursed ring of positive energy {unknown}
 l - an uncursed ring of protection from cold {unknown}
 p - a +4 ring of protection {unknown}
 u - an uncursed ring of poison resistance {unknown}
 A - an uncursed ring of protection from cold {unknown}
Wands
 w - a wand of acid (8)
 y - a wand of iceblast (9)
Scrolls
 b - a scroll of noise {unknown}
 d - 4 scrolls of teleportation {unknown}
 e - 2 scrolls of fear {unknown}
 g - 7 scrolls of remove curse {unknown}
 h - 5 scrolls of identify {unknown}
 m - 3 scrolls of amnesia {unknown}
 n - 2 scrolls of enchant weapon {unknown}
 q - a scroll of magic mapping {unknown}
 r - 3 scrolls of blinking {unknown}
 s - a scroll of enchant armour {unknown}
Potions
 c - 2 potions of might {unknown}
 f - a potion of lignification {unknown}
 i - 2 potions of brilliance {unknown}
 k - 2 potions of heal wounds {unknown}
 o - 2 potions of degeneration {unknown}
 t - 4 potions of curing {unknown}
 v - 2 potions of ambrosia {unknown}
 z - a potion of magic {unknown}
 C - a potion of berserk rage {unknown}
 D - a potion of invisibility {unknown}


   Skills:
 + Level 3.1 Fighting
 + Level 3.1 Short Blades
 + Level 3.1 Long Blades
 + Level 3.1 Axes
 + Level 3.1 Maces & Flails
 + Level 3.1 Polearms
 + Level 3.1 Staves
 + Level 3.1 Slings
 + Level 3.1 Bows
 + Level 3.1 Crossbows
 + Level 3.1 Throwing
 + Level 3.1 Armour
 + Level 5.5 Dodging
 + Level 5.2 Stealth
 + Level 3.1 Shields
 + Level 3.1 Unarmed Combat
 + Level 5.9 Spellcasting
 + Level 3.3 Conjurations
 + Level 2.5 Hexes
 + Level 2.5 Summonings
 + Level 2.5 Necromancy
 + Level 2.5 Translocations
 + Level 2.5 Transmutations
 + Level 2.5 Fire Magic
 + Level 2.5 Ice Magic
 + Level 6.0 Air Magic
 + Level 2.5 Earth Magic
 + Level 2.5 Poison Magic
 + Level 3.4 Invocations
 + Level 3.1 Evocations


You had 3 spell levels left.
You knew the following spells:

 Your Spells              Type           Power        Failure   Level
a - Shock                 Conj/Air       92%          3%          1
b - Swiftness             Air            28%          3%          2
c - Static Discharge      Conj/Air       23%          11%         3
d - Airstrike             Air            14%          22%         4
e - Lightning Bolt        Conj/Air       11%          71%         5

Your spell library contained the following spells:

 Spells                   Type           Power        Failure   Level


Dungeon Overview and Level Annotations

Branches:
Dungeon (6/15)             Temple (1/1) D:4

Altars:
Ashenzari
Cheibriados
Elyvilon
Fedhas
Gozag
Makhleb
Nemelex Xobeh
Okawaru
Qazlal
Ru
Trog
Wu Jian
Zin
The Shining One

Shops:
D:4 (

Annotations:
D:5 1 runed translucent door, oc3rt's ghost, novice KoHu


Innate Abilities, Weirdness & Mutations

Your experience applies equally to all skills.
You have very sharp teeth.
Your uncanny sense of smell can sniff out nearby items.


Message History

Deactivating autopickup; reactivate with Ctrl-A.
Casting: Swiftness (safe; 3% risk of failure)
Confirm with . or Enter, or press ? or * to list all spells.
You miscast Swiftness.
You are very lightly contaminated with residual magic.
Nothing appears to happen.
Something hits you.
* * * LOW HITPOINT WARNING * * *
Something shocks you.
* * * LOW HITPOINT WARNING * * *
A sky beast appears from thin air!
Reactivating autopickup.
Your magical contamination has completely faded away.
The sky beast flickers out of sight!
Deactivating autopickup; reactivate with Ctrl-A.
Casting: Swiftness (safe; 3% risk of failure)
Confirm with . or Enter, or press ? or * to list all spells.
You feel quick. Something hits you.
* * * LOW HITPOINT WARNING * * *
Something shocks you.
You die...

#.# #.#.#######.##.# ######.#
#...........##.# ∆
....)..####...###..####.##
#..................###...##
#.#########...#.....#.....###..
..## ##.##...)............
...###### #.##..[..#.....###.#
.#......# #.........<...##
...####.# ####.@######### #.##
#.# #..# ### ..# #.# #..# #..
..# #.# #..####### #.# ..# #.#
#........# #.# ..# ##.##
#...♣♣♣..# #.#
..####.#.######..♣# #♣.# #.#
..##..###.....#..♣ ♣.###.#
..##.#.#.####.#..♣# #♣..##.#


There were no monsters in sight!

Vanquished Creatures
  Menkaure (D:4)
  A scorpion (D:4)
  A howler monkey (D:4)
  4 orc priests
  2 hounds
  A centaur skeleton (D:4)
  An orc wizard (D:5)
  5 iguanas
  Ijyb (D:3)
  Natasha (thrice) (D:4)
  2 worker ants
  A hound zombie (D:5)
  A gnoll (D:6)
  10 adders
  A shadow imp (D:5)
  A white imp (D:5)
  An adder skeleton (D:4)
  2 oozes (D:2)
  3 worms (D:2)
  5 dart slugs
  7 leopard geckos
  14 orcs
  7 giant cockroaches
  11 goblins
  10 hobgoblins
  12 jackals
  6 kobolds
  2 quokkas
  3 ball pythons
  9 bats
  10 frilled lizards
  12 rats
150 creatures vanquished.

Notes
Turn   | Place    | Note
-------+----------+-------------------------------------------
     0 | D:1      | Zeld the Gnoll Air Elementalist began the quest for the
                  | Orb.
     0 | D:1      | Reached XP level 1. HP: 13/13 MP: 6/6
   333 | D:1      | Reached XP level 2. HP: 19/19 MP: 2/7
   719 | D:1      | Reached XP level 3. HP: 24/25 MP: 0/9
   733 | D:1      | Reached skill level 5 in Spellcasting
   738 | D:1      | Learned a level 2 spell: Swiftness
   742 | D:1      | Learned a level 3 spell: Static Discharge
  1053 | D:1      | Reached skill level 1 in Invocations
  1445 | D:2      | Reached skill level 1 in Fighting
  1445 | D:2      | Reached skill level 1 in Short Blades
  1445 | D:2      | Reached skill level 1 in Long Blades
  1445 | D:2      | Reached skill level 1 in Axes
  1445 | D:2      | Reached skill level 1 in Maces & Flails
  1445 | D:2      | Reached skill level 1 in Polearms
  1445 | D:2      | Reached skill level 1 in Staves
  1445 | D:2      | Reached skill level 1 in Slings
  1445 | D:2      | Reached skill level 1 in Bows
  1445 | D:2      | Reached skill level 1 in Crossbows
  1445 | D:2      | Reached skill level 1 in Throwing
  1445 | D:2      | Reached skill level 1 in Armour
  1445 | D:2      | Reached skill level 1 in Shields
  1445 | D:2      | Reached skill level 1 in Unarmed Combat
  1445 | D:2      | Reached skill level 1 in Evocations
  1449 | D:2      | Reached XP level 4. HP: 32/32 MP: 2/11
  1686 | D:2      | Found an iron altar of Okawaru.
  1696 | D:2      | Found a snail-covered altar of Cheibriados.
  1940 | D:2      | Reached skill level 1 in Hexes
  1940 | D:2      | Reached skill level 1 in Summonings
  1940 | D:2      | Reached skill level 1 in Necromancy
  1940 | D:2      | Reached skill level 1 in Translocations
  1940 | D:2      | Reached skill level 1 in Transmutations
  1940 | D:2      | Reached skill level 1 in Fire Magic
  1940 | D:2      | Reached skill level 1 in Ice Magic
  1940 | D:2      | Reached skill level 1 in Earth Magic
  1940 | D:2      | Reached skill level 1 in Poison Magic
  2029 | D:2      | Reached XP level 5. HP: 33/37 MP: 1/12
  2040 | D:2      | Learned a level 4 spell: Airstrike
  3261 | D:3      | Reached XP level 6. HP: 29/44 MP: 0/13
  3267 | D:3      | Learned a level 5 spell: Lightning Bolt
  3660 | D:3      | Noticed Ijyb
  3669 | D:3      | Killed Ijyb
  3748 | D:3      | Reached skill level 5 in Dodging
  4166 | D:4      | Noticed Natasha
  4167 | D:4      | Found a staircase to the Ecumenical Temple.
  4174 | D:4      | Killed Natasha
  4344 | D:4      | Noticed Natasha
  4345 | Temple   | Entered the Ecumenical Temple
  4567 | D:4      | Killed Natasha
  4632 | D:4      | Noticed Menkaure
  4644 | D:4      | Killed Menkaure
  4645 | D:4      | Reached XP level 7. HP: 9/51 MP: 7/15
  4931 | D:4      | Found Acym Lom's Weapon Boutique.
  5274 | D:4      | Reached skill level 5 in Stealth
  5566 | D:4      | Noticed Natasha
  5573 | D:4      | Killed Natasha
  5836 | D:4      | Found a blossoming altar of Fedhas.
  6253 | D:5      | Entered Level 5 of the Dungeon
  6389 | D:5      | Reached skill level 6 in Air Magic
  6389 | D:5      | Reached XP level 8. HP: 18/57 MP: 7/16
  6847 | D:5      | Found a runed translucent door.
  6847 | D:5      | Noticed a gargoyle
  6848 | D:5      | Noticed oc3rt's ghost (novice KoHu)
  9635 | D:6      | Slain by a sky beast

Illustrated notes

Levels and vault maps discovered:
D:1:      psy_arrival_conway, layout_basic, palyth_stone_intersect
D:2:      layout_loops_corners, chequers_temple_overflow_statue_of_worship,
          minmay_joined_circles
D:3:      layout_rooms, uniq_ijyb
D:4:      kennysheep_spiral_hall, layout_basic, fedhas_altar_1,
          minmay_temple_entry_junction_2, serial_shops, nicolae_shop_crystal,
          st_stairs_10, uniq_menkaure, uniq_natasha
D:5:      layout_basic, ebering_ghost_inner_flame
D:6:      layout_loops_ring, minmay_stone_trees_small, st_stairs_12,
          minmay_fractal_squares_5
Temple:   grunt_temple_mini_profane

Skill      XL: |  1  2  3  4  5  6  7  8 |
---------------+-------------------------+-----
Conjurations   | 2 3 |  3.3
Spellcasting   | 5 |  5.9
Invocations    | 1 2 3 |  3.4
Fighting       | 1 2 3 |  3.1
Short Blades   | 1 2 3 |  3.1
Long Blades    | 1 2 3 |  3.1
Axes           | 1 2 3 |  3.1
Maces & Flails | 1 2 3 |  3.1
Polearms       | 1 2 3 |  3.1
Staves         | 1 2 3 |  3.1
Slings         | 1 2 3 |  3.1
Bows           | 1 2 3 |  3.1
Crossbows      | 1 2 3 |  3.1
Throwing       | 1 2 3 |  3.1
Armour         | 1 2 3 |  3.1
Shields        | 1 2 3 |  3.1
Unarmed Combat | 1 2 3 |  3.1
Evocations     | 1 2 3 |  3.1
Hexes          | 1 2 |  2.5
Summonings     | 1 2 |  2.5
Necromancy     | 1 2 |  2.5
Translocations | 1 2 |  2.5
Transmutations | 1 2 |  2.5
Fire Magic     | 1 2 |  2.5
Ice Magic      | 1 2 |  2.5
Earth Magic    | 1 2 |  2.5
Poison Magic   | 1 2 |  2.5
Dodging        | 5 |  5.5
Stealth        | 5 |  5.2
Air Magic      | 6 |  6.0

Action                   |  1- 3 |  4- 6 |  7- 9 || total
-------------------------+-------+-------+-------++-------
Melee: Unarmed           |    10 |    20 |    16 ||    46
       Bite              |     2 |     3 |     2 ||     7
       Flail             |       |       |    28 ||    28
 Cast: Shock             |    76 |   154 |   144 ||   374
       Swiftness         |       |     1 |     6 ||     7
Armor: Robe              |     3 |       |       ||     3
       Ring mail         |       |     5 |    40 ||    45
Dodge: Dodged            |    22 |    57 |    57 ||   136
